 Dungeon Crawl Stone Soup version 0.26.1-2-gb8aa6d0 (webtiles) character file.

Game seed: 6624500722749341432

39 Nithhogg the Skirmisher (level 3, 0/29 HPs)
             Began as a Human Fighter on Mar 30, 2021.
             Slain by an orc priest
             ... wielding a +0 flail
              (8 damage)
             ... on level 2 of the Dungeon.
             The game lasted 00:02:44 (1261 turns).

Nithhogg the Skirmisher (Human Fighter)             Turns: 1261, Time: 00:02:45

Health: 0/29       AC:  6    Str: 17    XL:     3   Next: 70%
Magic:  3/3        EV:  9    Int:  8    God:
Gold:   89         SH:  0    Dex: 12    Spells: 2/2 levels left

rFire    . . .     SeeInvis .   a - +0 war axe
rCold    . . .     Faith    .   (no shield)
rNeg     . . .     Spirit   .   b - +0 scale mail
rPois    .         Reflect  .   (no helmet)
rElec    .         Harm     .   (no cloak)
rCorr    .         Rampage  .   (no gloves)
Will     .....                  (no boots)
Stlth    ..........             (no amulet)
HPRegen  0.09/turn              (no ring)
MPRegen  0.08/turn              (no ring)

@: no status effects
A: no striking features
a: no special abilities


You were on level 2 of the Dungeon.
You visited 1 branch of the dungeon, and saw 2 of its levels.

You collected 89 gold pieces.

Inventory:

Hand Weapons
 a - a +0 war axe (weapon)
Armour
 b - a +0 scale mail (worn)
 c - a +0 kite shield
Scrolls
 e - 3 scrolls of remove curse {unknown}
 f - a scroll of identify {unknown}
 j - 2 scrolls of teleportation {unknown}
Potions
 d - 2 potions of might
 g - a potion of resistance {unknown}
 h - 2 potions of haste {unknown}
 i - a potion of attraction {unknown}
 k - a potion of curing {unknown}
 l - a potion of mutation {unknown}


   Skills:
 - Level 3.2 Fighting
 * Level 3.0 Axes
 - Level 3.2 Armour
 - Level 1.0 Dodging
 - Level 3.0 Shields


You had 2 spell levels left.
You didn't know any spells.
Your spell library was empty.

Dungeon Overview and Level Annotations

Branches:
Dungeon (2/15)

Altars:


Message History

You slash the orc!
You kill the orc!
Your Axes skill increases to level 3!
You closely miss the orc priest.
The orc priest hits you with a +0 flail.
You hit the orc priest.
The orc priest is moderately wounded.
The orc priest hits you with a +0 flail!
* * * LOW HITPOINT WARNING * * *
You barely miss the orc priest.
The orc priest is moderately wounded.
The orc priest barely misses you. The orc priest closely misses you.
You slash the orc priest!
The orc priest is almost dead.
The orc priest drinks a potion.
The orc priest is healed!
You hit the orc priest but do no damage.
The orc priest barely misses you.
You closely miss the orc priest.
The orc priest hits you with a +0 flail!
You die...

.....###.####...... ..
##..# ##.....
#..###..######.....
#.....##..........
##.......####....[
#.....### #.....
#######...#..########..
#####....#######......# #..
......##.o@....######.###..
###....######†.....#......
####..##....#
######...###.#
..........#...... ##...>..#
###.#####.####### ........<
....oo....................#
....o.....................#
##o######..#########.......
#... ##.###.#


You could see an orc priest.

Vanquished Creatures
  3 orcs (D:2)
  2 giant cockroaches (D:1)
  3 goblins (D:1)
  8 hobgoblins (D:1)
  2 bats (D:1)
  2 frilled lizards (D:1)
  2 kobolds
  16 rats
38 creatures vanquished.

Notes
Turn   | Place    | Note
-------+----------+-------------------------------------------
     0 | D:1      | Nithhogg the Human Fighter began the quest for the Orb.
     0 | D:1      | Reached XP level 1. HP: 18/18 MP: 1/1
   175 | D:1      | Reached XP level 2. HP: 18/24 MP: 2/2
   486 | D:1      | Reached XP level 3. HP: 24/29 MP: 3/3
   632 | D:1      | Reached skill level 1 in Dodging
  1261 | D:2      | Slain by an orc priest

Illustrated notes

Levels and vault maps discovered:
D:1:      elethiomel_arrival_quiet, layout_basic, serial_co_window_serial,
          co_window_corner_a, co_window_corner_a, co_window_paths_a,
          co_window_paths_a, co_window_corner_a, co_window_corner_ca,
          co_window_broadway_a, co_window_of_opportunity_c, co_window_4corner_a,
          glass_columns_a, glass_columns_a, glass_columns_a,
          minmay_rat_gold_closets
D:2:      layout_rooms, minmay_misc_feat_doors

Skill      XL: |  1  2  3 |
---------------+----------+-----
Dodging        | 1 |  1.0
Axes           | 3 |  3.0
Fighting       | |  3.2
Armour         | |  3.2
Shields        | |  3.0

Action                   || total
-------------------------++-------
Melee: War axe           ||    95
Armor: Scale mail        ||    42
Dodge: Dodged            ||    37
